 Seeded DCSS version 0.30-a0-715-gdb4ae3ece1 (webtiles) character file.

Game seed: 5430720872467839093 (custom seed)

131 OTABOTABOTAB the Shooter (level 5, -1/46 HPs)
             Began as a Hill Orc Hunter on Jan 24, 2023.
             Slain by an orc wizard
             ... wielding a +0 dagger
              (2 damage)
             ... on level 3 of the Dungeon.
             The game lasted 00:02:43 (1889 turns).

OTABOTABOTAB the Shooter (Hill Orc Hunter)          Turns: 1889, Time: 00:02:44

Health: -1/46      AC:  3    Str: 20    XL:     5   Next: 14%
Magic:  5/5        EV: 12    Int:  9    God:
Gold:   1525       SH:  0    Dex: 16    Spells: 4/4 levels left

rFire   . . .      SeeInvis .    p - +3 arbalest (flame)
rCold   + . .      Faith    .    (shield currently unavailable)
rNeg    . . .      Spirit   .    c - +0 leather armour
rPois   .          Reflect  .    (no helmet)
rElec   .          Harm     .    (no cloak)
rCorr   .          Rampage  .    (no gloves)
Will    .....                    (no boots)
Stlth   +                        (no amulet)
HPRegen 0.27/turn                C - ring of protection from cold {rC+, !d}
MPRegen 0.09/turn                l - +6 ring of strength

@: studying Ranged Weapons
A: no striking features
a: Convert to Beogh


You were on level 3 of the Dungeon.
You visited 1 branch of the dungeon, and saw 3 of its levels.

You collected 1903 gold pieces.
You spent 378 gold pieces at shops.

Inventory:

Hand Weapons
 p - a +3 arbalest of flaming (weapon)
   (You acquired it on level 2 of the Dungeon)
Missiles
 s - 19 stones
Armour
 c - a +0 leather armour (worn)
Jewellery
 l - a +6 ring of strength (right hand)
   (You found it on level 1 of the Dungeon)
 C - a ring of protection from cold (left hand) {rC+, !d}
   (You found it on level 2 of the Dungeon)
Scrolls
 f - 4 scrolls of amnesia
 n - 2 scrolls of enchant armour
 D - a scroll of blinking {!r}
 E - a scroll of fear
 K - 2 scrolls of immolation {!r}
Potions
 i - a potion of attraction {!q}
 J - 2 potions of curing {@q1}
 U - a potion of mutation {!q}


   Skills:
 + Level 4.0 Fighting
 * Level 5.1 Ranged Weapons
 - Level 1.5 Dodging
 - Level 0.7 Stealth


You had 4 spell levels left.
You didn't know any spells.
Your spell library was empty.

Dungeon Overview and Level Annotations

Branches:
Dungeon (3/15)

Altars:

Shops:
D:2 ?


Message History

It was a scroll of noise.
As you read the scroll labelled VADUNN HIYST, it crumbles to dust.
You feel strangely unstable.
It was a scroll of teleportation.
Unknown command.
You start resting.
Your surroundings suddenly seem different.
You start resting.
Health restored: 46 Unknown command.
Unknown command.
Done exploring.
Done exploring.
Done exploring.
(D) Dungeon
Where to? (Enter - D:2 @ (x,y), ? - help)
There is a stone staircase leading down here.
You climb downwards.
The orc shouts!
The orc wizard shouts!
The orc priest shouts, "Beogh is our master!
Accept the truth or die!" (press Y on the ability menu to convert to Beogh)
The orc priest shouts!
The orc shouts!
The hobgoblin shouts!
The orc shouts!
Found six items.
Found an escape hatch in the ceiling.
Found two stone staircases leading down and a stone staircase leading up.
There is a stone staircase leading up here.
There are monsters nearby!
You shoot a bolt. The bolt barely misses the orc wizard.
A ball python comes into view.
You shoot a bolt. The bolt closely misses the orc wizard.
The orc wizard hits you with a +0 dagger.
The orc barely misses you.
The orc wizard mumbles some strange words.
The orc wizard flickers and vanishes!
Deactivating autopickup; reactivate with Ctrl-A.
The orc closely misses you.
You shoot a bolt. The bolt hits the orc priest!
The bolt burns the orc priest.
The orc hits you but does no damage. The orc priest hits you with a +0 club.
Something hits you. The orc misses you.
The orc priest shouts, "Join the one true god or die!"
You take 8 damage, and have 38/46 hp.
You shoot a bolt.
The bolt hits the orc priest but does no damage.
The orc priest threatens, "By the altar or by the axe, you will meet Beogh!"
The orc barely misses you. The hobgoblin barely misses you.
The orc priest closely misses you. The orc hits you with a +0 flail.
You hear some strange, mumbled words.
Something tries to affect you, but you resist.
The ball python bites you. The ball python closely misses you.
The orc hits you but does no damage. The orc hits you with a +0 flail.
The orc priest misses you. Something hits you.
The ball python closely misses you. The ball python grabs you.
The ball python constricts you.
You shoot a bolt. The bolt hits the ball python!
The bolt burns the ball python.
You kill the ball python!
The orc barely misses you. The hobgoblin closely misses you.
The orc priest closely misses you. Something hits you.
The orc barely misses you. Something hits you. The hobgoblin barely misses you.
The hobgoblin hits you. The orc priest hits you with a +0 club.
The orc hits you with a +0 whip. The orc hits you with a +0 flail.
You take 22 damage, and have 16/46 hp.
MASSIVE DAMAGE!!
You are too injured to fight recklessly!
You are too injured to fight recklessly!
You are too injured to fight recklessly!
Unknown command.
You are too injured to fight recklessly!
You are too injured to fight recklessly!
Unknown command.
You are too injured to fight recklessly!
Fire: p) +3 arbalest (flame)
Aim: a hobgoblin (63% to hit)
You shoot a bolt. The bolt hits the hobgoblin.
The bolt burns the hobgoblin.
The orc priest shouts, "Surrender to Beogh and we'll let you live!"
The orc closely misses you.
The hobgoblin hits you but does no damage.
The hobgoblin barely misses you. The orc priest hits you with a +0 club.
Something hits you.
* * * LOW HITPOINT WARNING * * *
The orc completely misses you. Something hits you.
* * * LOW HITPOINT WARNING * * *
The orc hits you but does no damage. The orc priest closely misses you.
The hobgoblin misses you. The hobgoblin hits you.
* * * LOW HITPOINT WARNING * * *
The orc hits you with a +0 whip.
* * * LOW HITPOINT WARNING * * *
Fire: p) +3 arbalest (flame)
Aim: a hobgoblin (moderately wounded, 63% to hit)
You shoot a bolt. The bolt hits the hobgoblin!
The bolt burns the hobgoblin.
You kill the hobgoblin!
The orc barely misses you. The orc hits you with a +0 whip.
* * * LOW HITPOINT WARNING * * *
The hobgoblin hits you.
* * * LOW HITPOINT WARNING * * *
The orc priest calls down the wrath of Beogh upon you.
Pain shoots through your body!
* * * LOW HITPOINT WARNING * * *
Something hits you.
You die...

##........>.
##...........
###............
..............
#.........$..
#...........!
#....go....#
#..>@oo../#
#...{o..).#
#....!.....#
#.<........#
#..........#
............#
###........(..#
##.......<...


You could see an orc priest, 3 orcs and a hobgoblin.

Vanquished Creatures
  A necrophage (D:2)
  3 gnolls (D:2)
  An adder (D:2)
  3 bats
  5 endoplasms
  3 hobgoblins
  4 jackals (D:1)
  5 kobolds
  2 quokkas (D:1)
  3 ball pythons
  A frilled lizard (D:2)
  4 goblins
  A rat (D:1)
36 creatures vanquished.

Notes
Turn   | Place    | Note
-------+----------+-------------------------------------------
     0 | D:1      | OTABOTABOTAB the Hill Orc Hunter began the quest for the
                  | Orb.
     0 | D:1      | Reached XP level 1. HP: 18/18 MP: 1/1
   138 | D:1      | Reached XP level 2. HP: 21/25 MP: 2/2
   239 | D:1      | Reached skill level 4 in Ranged Weapons
   402 | D:1      | Reached skill level 3 in Fighting
   889 | D:1      | Reached XP level 3. HP: 31/31 MP: 3/3
  1003 | D:2      | Found Doddoiw's Magic Scroll Shoppe.
  1099 | D:2      | Noticed a necrophage
  1107 | D:2      | HP: 7/29 [necrophage (1)]
  1108 | D:2      | Killed a necrophage
  1109 | D:2      | Reached XP level 4. HP: 10/40 MP: 4/4
  1325 | D:2      | Reached skill level 5 in Ranged Weapons
  1328 | D:2      | Reached skill level 4 in Fighting
  1328 | D:2      | Reached XP level 5. HP: 46/46 MP: 5/5
  1713 | D:2      | Identified 4 scrolls of acquirement
  1713 | D:2      | Acquired a +3 arbalest of flaming
  1715 | D:2      | Acquired 977 gold pieces
  1717 | D:2      | Acquired a manual of Ranged Weapons
  1719 | D:2      | Acquired 857 gold pieces
  1777 | D:2      | Bought a scroll of identify for 28 gold pieces
  1777 | D:2      | Bought a scroll of identify for 28 gold pieces
  1777 | D:2      | Bought a scroll of enchant armour for 105 gold pieces
  1777 | D:2      | Bought a scroll of fear for 56 gold pieces
  1777 | D:2      | Bought a scroll of amnesia for 56 gold pieces
  1777 | D:2      | Bought a scroll of blinking for 105 gold pieces
  1888 | D:3      | HP: 10/46 [something (4)]
  1889 | D:3      | HP: 1/46 [orc priest/nerve-wracking pain (4)]
  1889 | D:3      | Slain by an orc wizard

Illustrated notes

Levels and vault maps discovered:
D:1:      dpeg_arrival_boxes_within_box, layout_basic
D:2:      layout_loops_ring, serial_shops, shop, nicolae_kite_square_tiling_tiny
D:3:      layout_rooms, okawaru_metal_pillars_3, ebering_ecumenical_altar_rust

Skill      XL: |  1  2  3  4 |
---------------+-------------+-----
Ranged Weapons | 4 5 |  5.1
Fighting       | 3 4 |  4.0
Dodging        | |  1.5
Stealth        | |  0.7

Action                     |  1- 3 |  4- 6 || total
---------------------------+-------+-------++-------
   Fire: Shortbow          |    61 |    29 ||    90
         Arbalest          |       |     7 ||     7
    Use: Scroll            |       |    12 ||    12
 Armour: Leather armour    |     7 |     5 ||    12
  Dodge: Dodged            |    13 |    26 ||    39

Table legend: (Time is in decaauts)
 A = Elapsed time spent in this place.
 B = Non-inter-level travel time spent in this place.
 C = Inter-level travel time spent in this place.
 D = Time resting spent in this place.
 E = Time spent auto-exploring this place.
 F = Levels seen in this place.
 G = Mean time per level.
                   A        B        C        D        E       F      G
               +--------+--------+--------+--------+--------+-----+--------+
         Total |   1921 |   1770 |    151 |     75 |   1499 |   3 |  640.3 |
       Dungeon |   1921 |   1770 |    151 |     75 |   1499 |   3 |  640.3 |
               +--------+--------+--------+--------+--------+-----+--------+

Top non-repeatable levels by time:
     D:1: 1004 daAuts
     D:2: 905 daAuts
     D:3: 10 daAuts

Table legend:
 A = Kills in this place as a percentage of kills in entire the game.
 B = Kills by you in this place as a percentage of kills by you in the entire game.
 C = Kills by friends in this place as a percentage of kills by friends in the entire game.
 D = Other kills in this place as a percentage of other kills in the entire game.
 E = Experience gained in this place as a percentage of experience gained in the entire game.
 F = Experience gained in this place divided by the number of levels of this place that you have seen.
                   A       B       C       D       E      F
               +-------+-------+-------+-------+-------+----------------------
         Total | 100.0 | 100.0 |   N/A |   N/A | 100.0 |  63.3
       Dungeon | 100.0 | 100.0 |   N/A |   N/A | 100.0 |  63.3
               +-------+-------+-------+-------+-------+----------------------
